 Dungeon Crawl Stone Soup version 0.26-a0-651-gb41185065b (webtiles) character file.

Game seed: 10044628797048120076

40 Irenicus the Chopper (level 3, 0/32 HPs)
             Began as a Deep Dwarf Gladiator on Oct 1, 2020.
             Killed by divine providence
             ... invoked by an orc priest
              (14 damage)
             ... on level 2 of the Dungeon.
             The game lasted 00:02:35 (386 turns).

Irenicus the Chopper (Deep Dwarf Gladiator)          Turns: 386, Time: 00:02:36

Health: 0/32       AC:  4    Str: 17    XL:     3   Next: 30%
Magic:  2/2        EV: 13    Int:  8    God:
Gold:   55         SH:  0    Dex: 15    Spells: 2/2 levels left

rFire    . . .     SeeInvis .   a - +0 war axe
rCold    . . .     Faith    .   (no shield)
rNeg     + . .     Spirit   .   b - +0 leather armour
rPois    .         Reflect  .   c - +0 helmet
rElec    .         Harm     .   (no cloak)
rCorr    .         Rampage  .   (no gloves)
MR       .....     Rnd*Tele +   (no boots)
Stlth    +.........             (no amulet)
HPRegen  0.00/turn              h - ring of teleportation (curse) {+/*tele, !d}
MPRegen  0.08/turn              i - ring of positive energy {rN+}

@: non-regenerating
A: damage resistance, heal wounds, sense surroundings 1, no regeneration
a: Heal Wounds


You were on level 2 of the Dungeon.
You visited 1 branch of the dungeon, and saw 2 of its levels.

You collected 55 gold pieces.

Inventory:

Hand Weapons
 a - a +0 war axe (weapon)
Missiles
 d - 3 throwing nets (quivered) {=f, !d}
Armour
 b - a +0 leather armour (worn)
 c - a +0 helmet (worn)
Jewellery
 h - a cursed ring of teleportation (left hand) {+/*tele, !d}
   (You found it on level 2 of the Dungeon)
 i - a ring of positive energy (right hand) {rN+}
   (You found it on level 2 of the Dungeon)
Scrolls
 e - a scroll of teleportation {unknown}
Potions
 f - a potion of heal wounds {unknown}
 g - a potion of brilliance {unknown}


   Skills:
 - Level 1.7 Fighting
 + Level 4.9 Axes
 - Level 1.7 Throwing
 - Level 3.2 Dodging


You had 2 spell levels left.
You didn't know any spells.
Your spell library was empty.

Dungeon Overview and Level Annotations

Branches:
Dungeon (2/15)

Altars:


Innate Abilities, Weirdness & Mutations

You are resistant to damage.
You can heal yourself by infusing magical energy.
You passively map a small area around you.
You do not regenerate.


Message History

The worm is almost dead.
You slash the worm!
You kill the worm!
The kobold throws a stone.
The stone hits you but does no damage. The kobold hits you with a +0 club.
You see here a worm corpse.
You take 1 damage, and have 23/26 hp.
You barely miss the kobold.
You are no longer poisoned.
The kobold hits you with a +0 club.
You slash the kobold!
You kill the kobold!
You have reached level 3!
Your experience leads to an increase in your attributes!
Increase (s)trength, (i)ntelligence, or (d)exterity?
You feel agile.
You regained 6 hp, and now have 29/32 hp.
MP restored: 2
Things that are here:
a +0 club; 3 stones
i - an agate ring
i - a ring of positive energy (right hand)
You open the door.
A bat comes into view.
There is an open door here.
The bat hits you.
You open the door. The bat hits you but does no damage.
The bat closely misses you.
There is an open door here.
The bat hits you but does no damage. The bat misses you.
You miss the bat. The bat misses you. The bat barely misses you.
The bat hits you but does no damage.
There is an open door here.
The bat completely misses you. The bat misses you.
The bat hits you but does no damage. The bat closely misses you.
The bat completely misses you. The bat hits you but does no damage.
There is an open door here.
The bat hits you but does no damage.
You closely miss the bat. The bat hits you.
An adder comes into view.
The bat hits you but does no damage.
You barely miss the bat. The bat completely misses you.
The bat hits you but does no damage.
You closely miss the bat. You barely miss the adder.
The bat closely misses you. The adder closely misses you.
You barely miss the adder. The bat hits you but does no damage.
The adder bites you. The bat closely misses you. The adder misses you.
You slash the adder!
You kill the adder!
You barely miss the bat. The bat barely misses you. The bat closely misses you.
The bat barely misses you.
An adder, an orc and an orc priest come into view.
The orc priest shouts!
The orc shouts!
The bat closely misses you.
An orc comes into view. It is wielding a +0 whip.
An orc wizard comes into view. It is wielding a +0 dagger.
The orc shouts!
The adder hisses angrily.
You see here an adder corpse.
The bat closely misses you.
The orc wizard gestures wildly while chanting.
The orc wizard seems to speed up.
The orc wizard gestures wildly while chanting.
The orc wizard blinks!
The bat barely misses you. The orc priest hits you.
You take 2 damage, and have 27/32 hp.
The bat barely misses you. The orc hits you with a +0 whip.
The orc barely misses you.
The orc wizard points at you and mumbles some strange words.
The magic dart hits you! The orc priest hits you.
You take 5 damage, and have 22/32 hp.
You slash the orc priest!
The orc priest is heavily wounded.
You hit the orc but do no damage. You hit the orc. The bat barely misses you.
The orc wizard gestures at you while chanting.
The magic dart hits you! The orc closely misses you. The orc barely misses you.
The orc priest barely misses you. The orc misses you.
You take 7 damage, and have 15/32 hp.
MASSIVE DAMAGE!!
You hit the orc priest.
The orc priest is almost dead.
You hit the orc.
You kill the orc!
You hit the orc. You barely miss the orc wizard. You closely miss the adder.
The bat hits you. The orc wizard casts a spell at you.
You resist with some effort. The adder misses you.
The orc priest hits you but does no damage.
The orc wizard hits you but does no damage.
The orc barely misses you. The adder misses you.
You barely miss the orc priest.
The orc priest is almost dead.
You completely miss the orc.
You hit the orc wizard but do no damage.
You miss the adder. The bat misses you.
The orc wizard hits you with a +0 dagger.
The bat completely misses you.
The orc priest mumbles some strange prayers to Beogh against you.
Beogh smites you!
You die...

#.# #........#
#####'###).......#
#.......†#####...#
#.......(# *...# ##
#........#####...#...
#....>...'...†.......
#......(.####........
##......#####b)....##
#......##..o@o....#
#......##...oS....#
#......##.........#
###......##.........#
#........#####......#
#.....)†.# ########
#...##'### #...##.#
#...##.#


You could see an orc priest, an orc wizard (fast), an adder, an orc and a bat.

Vanquished Creatures
  2 adders (D:2)
  A worm (D:2)
  A leopard gecko (D:1)
  An orc (D:2)
  A goblin (D:2)
  A hobgoblin (D:1)
  4 jackals (D:2)
  2 kobolds
  2 bats
  A rat (D:2)
16 creatures vanquished.

Notes
Turn   | Place    | Note
-------+----------+-------------------------------------------
     0 | D:1      | Irenicus the Deep Dwarf Gladiator began the quest for the
                  | Orb.
     0 | D:1      | Reached XP level 1. HP: 19/19 MP: 1/1
   291 | D:2      | Reached skill level 4 in Axes
   291 | D:2      | Reached XP level 2. HP: 21/26 MP: 2/2
   338 | D:2      | HP: 3/26 [worm (10)]
   346 | D:2      | Reached XP level 3. HP: 29/32 MP: 2/2
   386 | D:2      | Killed from afar by an orc priest

Illustrated notes

Levels and vault maps discovered:
D:1:      lightli_iron_boxes, layout_basic, chequers_serial_rivers_micro_e
D:2:      layout_basic, lemuel_crystal_altar, uniq_jessica

Skill      XL: |  1 |
---------------+----+-----
Axes           | 4 |  4.9
Fighting       | |  1.7
Throwing       | |  1.7
Dodging        | |  3.2

Action                   || total
-------------------------++-------
Melee: War axe           ||    55
 Abil: Heal Wounds       ||     1
Armor: Leather armour    ||    23
Dodge: Dodged            ||    73

Table legend: (Time is in decaauts)
 A = Elapsed time spent in this place.
 B = Non-inter-level travel time spent in this place.
 C = Inter-level travel time spent in this place.
 D = Time resting spent in this place.
 E = Time spent auto-exploring this place.
 F = Levels seen in this place.
 G = Mean time per level.
                   A        B        C        D        E       F      G
               +--------+--------+--------+--------+--------+-----+--------+
         Total |    400 |    400 |      0 |      0 |      0 |   2 |  200.0 |
       Dungeon |    400 |    400 |      0 |      0 |      0 |   2 |  200.0 |
               +--------+--------+--------+--------+--------+-----+--------+

Top non-repeatable levels by time:
     D:1: 229 daAuts
     D:2: 171 daAuts

Table legend:
 A = Kills in this place as a percentage of kills in entire the game.
 B = Kills by you in this place as a percentage of kills by you in the entire game.
 C = Kills by friends in this place as a percentage of kills by friends in the entire game.
 D = Other kills in this place as a percentage of other kills in the entire game.
 E = Experience gained in this place as a percentage of experience gained in the entire game.
 F = Experience gained in this place divided by the number of levels of this place that you have seen.
                   A       B       C       D       E      F
               +-------+-------+-------+-------+-------+----------------------
         Total | 100.0 | 100.0 |   N/A |   N/A | 100.0 |  29.0
       Dungeon | 100.0 | 100.0 |   N/A |   N/A | 100.0 |  29.0
               +-------+-------+-------+-------+-------+----------------------
